 Dungeon Crawl Stone Soup version 0.31-a0-187-gba352fbbf7 (webtiles) character file.

Game seed: 14132312235913409349

112 qw the Skirmisher (level 4, 0/25 HPs)
             Began as a Deep Elf Hunter on June 22, 2023.
             Slain by Ijyb
             ... wielding a +0 dagger
              (1 damage)
             ... on level 3 of the Dungeon.
             The game lasted 00:00:43 (1953 turns).

qw the Skirmisher (Deep Elf Hunter)                 Turns: 1953, Time: 00:00:44

Health: 0/25       AC:  4    Str: 10    XL:     4   Next: 64%
Magic:  6/6        EV:  9    Int: 14    God:
Gold:   84         SH:  5    Dex: 18    Spells: 3/3 levels left

rFire   . . .        Y - +2 shortbow
rCold   . . .        (shield currently unavailable)
rNeg    . . .        e - +0 scale mail
rPois   .            b - +0 helmet
rElec   .            (no cloak)
rCorr   .            i - +0 pair of gloves
SInv    .            (no boots)
Will    .....        g - amulet of reflection
Stlth   +            (no ring)
HPRegen 0.24/turn    (no ring)
MPRegen 0.10/turn

%: reflection
@: corroded
A: no striking features
a: no special abilities


You were on level 3 of the Dungeon.
You visited 1 branch of the dungeon, and saw 3 of its levels.

You collected 84 gold pieces.


   Skills:
 - Level 1.5 Fighting
 - Level 8.0 Ranged Weapons
 + Level 0.3 Armour
 - Level 2.4 Dodging
 - Level 1.2 Stealth


You had 3 spell levels left.
You didn't know any spells.
Your spell library was empty.

Inventory:

Hand Weapons
 Y - a +2 shortbow (weapon)
Armour
 b - a +0 helmet (worn)
 c - a +1 scale mail of positive energy
 e - a +0 scale mail (worn)
 i - a +0 pair of gloves (worn)
Jewellery
 g - an amulet of reflection (around neck)
 k - a ring of positive energy
Potions
 a - a potion of cancellation {unknown}
 d - a potion of might {unknown}
 f - a potion of ambrosia {unknown}
 h - a potion of attraction {unknown}
 j - 2 potions of degeneration {unknown}

Dungeon Overview and Level Annotations

Branches:
Dungeon (3/15)

Altars:
Nemelex Xobeh

Shops:
D:2 (

Annotations:
D:3 Ijyb


Message History

Ijyb the Twisted Goblin comes into view.
She is wielding a +0 dagger and carrying a wand of acid (3).
Ijyb shouts!
Enter note:
Enter note:
Enter note:
Enter note: You shoot an arrow.
The arrow hits Ijyb but does no damage.
You shoot an arrow. The arrow hits Ijyb but does no damage.
You shoot an arrow. The arrow hits Ijyb.
Ijyb is lightly wounded.
Ijyb barely misses you.
You shoot an arrow. The arrow closely misses Ijyb.
Ijyb closely misses you.
You shoot an arrow. The arrow hits Ijyb!
Ijyb is moderately wounded.
Ijyb hits you but does no damage.
You shoot an arrow. The arrow hits Ijyb.
Ijyb is heavily wounded.
Ijyb hits you but does no damage. x2
You shoot an arrow. The arrow hits Ijyb.
Ijyb is severely wounded.
Ijyb hits you with a +0 dagger.
You shoot an arrow. The arrow hits Ijyb but does no damage.
Ijyb is severely wounded.
Ijyb zaps a wand.
The bolt of acid misses you.
You shoot an arrow. The arrow completely misses Ijyb.
Ijyb hits you with a +0 dagger.
You shoot an arrow. The arrow hits Ijyb.
Ijyb is severely wounded.
Ijyb completely misses you.
Ijyb zaps a wand.
The bolt of acid hits you. The acid corrodes you!
You shoot an arrow. The arrow hits Ijyb.
Ijyb is almost dead.
Ijyb zaps a wand.
The bolt of acid hits you!
Ouch! That really hurt!
The now-empty wand crumbles to dust.
You shoot an arrow. The arrow hits Ijyb but does no damage.
Ijyb is almost dead.
Ijyb hits you with a +0 dagger.
You die...

#.... (.. .... #.#.# #..
... ...# #.#.# #.# ...
... #.#.# #.# #.. ...
....###.## #.# ..
###.##...######.##.##
#......#.....##.#...#.##
.#..##..:###.##.#g......
###.###.........@....#.#
.#.....#####%...######.#
..#.##.# #..### #.#
.......### #..# #.#
.##..[...###..# #.#
.#####....##..# #.#
../###.#..##..########<#
.......................#
######.#......######%###


You could see Ijyb.

Vanquished Creatures
  Terence (D:3)
  4 adders
  A worm (D:3)
  2 dart slugs
  3 orcs (D:3)
  4 bats
  4 endoplasms
  2 giant cockroaches
  3 goblins
  3 hobgoblins (D:1)
  3 jackals (D:2)
  2 kobolds
  3 quokkas (D:2)
  2 ball pythons
  3 frilled lizards
  3 rats
43 creatures vanquished.

Notes
Turn   | Place    | Note
-------+----------+-------------------------------------------
     0 | D:1      | qw the Deep Elf Hunter began the quest for the Orb.
     0 | D:1      | Reached XP level 1. HP: 12/12 MP: 3/3
     0 | D:1      | 0 ||| qw: Version: 0.3-a-9-g12657ce
     0 | D:1      | 0 ||| qw: Game counter: 2305
     0 | D:1      | 0 ||| qw: Always use a shield: true
     0 | D:1      | 0 ||| qw: God list: Okawaru
     0 | D:1      | 0 ||| qw: Allow faded altars: false
     0 | D:1      | 0 ||| qw: Do Orc after D:15 true
     0 | D:1      | 0 ||| qw: Do second Lair branch before Depths: true
     0 | D:1      | 0 ||| qw: Lair rune preference: random
     0 | D:1      | 0 ||| qw: Plans: Normal
     0 | D:1      | 0 ||| PLANNING D:1-11
   186 | D:1      | Reached XP level 2. HP: 16/16 MP: 4/4
   188 | D:1      | Reached skill level 6 in Ranged Weapons
   752 | D:1      | 752 ||| UPGRADING to +0 pair of gloves.
   757 | D:1      | 757 ||| UPGRADING to amulet of reflection.
   762 | D:1      | 762 ||| DROPPING amulet of regeneration.
   763 | D:1      | 763 ||| READING scroll labelled JAXYESH QEACU.
   764 | D:1      | 764 ||| READING scroll labelled XAGIFASCHEAWE.
   765 | D:1      | 765 ||| READING scroll labelled ZUELUDILU.
   766 | D:1      | 766 ||| READING scroll labelled PAOD VIETSE.
   771 | D:1      | 771 ||| DROPPING scroll of butterflies.
   829 | D:2      | Found a sparkling altar of Nemelex Xobeh.
  1012 | D:2      | Found a faded altar of an unknown god.
  1032 | D:2      | Reached XP level 3. HP: 20/20 MP: 5/5
  1122 | D:2      | 1122 ||| UPGRADING to +0 scale mail.
  1132 | D:2      | 1132 ||| DROPPING +0 leather armour.
  1133 | D:2      | 1133 ||| READING scroll labelled LOSEIRERU.
  1136 | D:2      | Found Horegonu's Antique Weapon Shop.
  1194 | D:2      | Reached skill level 7 in Ranged Weapons
  1443 | D:2      | 1443 ||| UPGRADING to +0 helmet.
  1448 | D:2      | 1448 ||| READING scroll labelled LOATOTHR ULONN.
  1548 | D:3      | 1548 ||| READING scroll of enchant weapon.
  1548 | D:3      | 1548 ||| ENCHANTING +1 shortbow.
  1614 | D:3      | Noticed Terence
  1626 | D:3      | Killed Terence
  1627 | D:3      | Reached XP level 4. HP: 24/25 MP: 6/6
  1834 | D:3      | Reached skill level 8 in Ranged Weapons
  1941 | D:3      | Noticed Ijyb
  1952 | D:3      | HP: 1/25 [Ijyb/bolt of acid (17)]
  1953 | D:3      | Slain by Ijyb

Levels and vault maps discovered:
D:1:      minmay_arrival_semitransparent, layout_loops_corners
D:2:      layout_basic, ebering_ecumenical_altar_hall, basic_altar,
          serial_shops, nicolae_square_shop
D:3:      layout_loops_ring, uniq_ijyb, uniq_sigmund, uniq_terence

Skill      XL: |  1  2  3  4 |
---------------+-------------+-----
Ranged Weapons | 6 7 8 |  8.0
Fighting       | |  1.5
Armour         | |  0.3
Dodging        | |  2.4
Stealth        | |  1.2

Action                     |  1- 3 |  4- 6 || total
---------------------------+-------+-------++-------
   Fire: Shortbow          |   110 |    39 ||   149
    Use: Scroll            |     7 |       ||     7
 Armour: Leather armour    |     8 |       ||     8
         Scale mail        |     9 |     9 ||    18
  Dodge: Dodged            |    36 |     6 ||    42
  Block: Other             |    11 |     1 ||    12

Table legend:
 A = Non-vault XP
 B = Vault XP
 C = Vault XP percentage of total XP
 D = Non-vault monster count
 E = Vault monster count
 F = Vault count percentage of total count
                 A         B        C        D         E       F
            +---------+---------+-------+---------+---------+-------
      Total |     129 |      32 |  19.9 |      42 |       1 |   2.3
            +---------+---------+-------+---------+---------+-------
        D:1 |      20 |       0 |   0.0 |      11 |       0 |   0.0
        D:2 |      57 |       0 |   0.0 |      19 |       0 |   0.0
        D:3 |      52 |      32 |  38.1 |      12 |       1 |   7.7
            +---------+---------+-------+---------+---------+-------
